 Dungeon Crawl Stone Soup version 0.23.0-33-g5e6c059 (webtiles) character file.

Game seed: 12440341590880522942

179 kidcy the Chiller (level 5, -3/35 HPs)
             Began as a Merfolk Ice Elementalist on Feb 26, 2019.
             Slain by an ogre
             ... wielding a +0 giant spiked club
              (25 damage)
             ... on level 3 of the Dungeon.
             The game lasted 00:06:51 (2782 turns).

kidcy the Chiller (Merfolk Ice Elementalist)        Turns: 2782, Time: 00:06:53

Health: -3/35      AC:  2    Str:  8    XL:     5   Next: 59%
Magic:  1/9        EV: 13    Int: 16    God:
Gold:   73         SH:  0    Dex: 14    Spells: 3/10 levels left

rFire    . . .     SeeInvis .   b - +0 trident
rCold    . . .     Gourm    .   (no shield)
rNeg     . . .     Faith    .   a - +0 robe
rPois    .         Spirit   .   (no helmet)
rElec    .         Reflect  .   l - scarf {repulsion}
rCorr    .         Harm     .   (no gloves)
MR       .....                  (no boots)
Stlth    ++........             (no amulet)
HPRegen  0.11/turn              (no ring)
MPRegen  0.11/turn              (no ring)

@: very slightly contaminated, repel missiles
A: change form in water, swift swim, stealthy swim
a: no special abilities


You were on level 3 of the Dungeon.
You were hungry.

You visited 1 branch of the dungeon, and saw 3 of its levels.

You collected 73 gold pieces.

Inventory:

Hand Weapons
 b - a +0 trident (weapon)
Armour
 a - a +0 robe (worn)
 l - a scarf of repulsion (worn)
Potions
 g - 2 potions of might
 i - 2 potions of agility
 j - a potion of curing
 m - a potion of berserk rage {unknown}
 n - a potion of heal wounds {unknown}
Comestibles
 c - 4 rations


   Skills:
 - Level 0.6 Polearms
 - Level 2.6 Dodging
 - Level 2.1 Stealth
 + Level 3.2 Spellcasting
 - Level 0.7 Conjurations
 * Level 2.3 Summonings
 + Level 5.1 Ice Magic


You had 3 spell levels left.
You knew the following spells:

 Your Spells              Type           Power        Failure   Level  Hunger
a - Freeze                Ice            ###.         2%          1    None
b - Throw Frost           Conj/Ice       ##....       9%          2    ##.....
c - Summon Ice Beast      Ice/Summ       ##......     36%         4    ####...

Your spell library contained the following spells:

 Spells                   Type           Power        Failure   Level  Hunger
 Ozocubu's Armour         Chrm/Ice       ##......     19%         3    ###....
 Throw Icicle             Conj/Ice       ##......     50%         4    ####...


Dungeon Overview and Level Annotations

Branches:
Dungeon (3/15)

Altars:
Ru


Message History

The jackal barely misses you.
A jackal comes into view.
You closely miss the jackal. The jackal barely misses you.
The jackal bites you.
Your ice beast barely misses the jackal.
Your ice beast barely misses the jackal.
The jackal barely misses you. The jackal closely misses you.
The jackal bites your ice beast.
Your ice beast barely misses the jackal.
The jackal closely misses your ice beast.
You aren't carrying any scrolls.
A goblin comes into view. It is wielding a +0 club.
The rat bites your ice beast but does no damage.
The jackal bites your ice beast but does no damage.
Your ice beast hits the jackal.
Your ice beast freezes the jackal!
The jackal dies!
The ogre hits you with a +0 giant spiked club!!
Ouch! That really hurt!
You die...

...g ....
... .. #.#
#.. #.## ...
#.@# ......
##O# ......
#.# ..$...
#†###......
#Yr........
#.h........
##.........
####..####+#
#..........#


You could see an ogre, a jackal, a goblin (sleeping), a rat and a friendly ice
beast.

Vanquished Creatures
  An orc wizard (D:2)
  A worker ant (D:2)
  Robin (D:2)
  5 adders (D:2)
  A worm (D:2)
  A dart slug (D:2)
  4 leopard geckos
  4 bats (D:2)
  4 giant cockroaches
  12 goblins
  10 hobgoblins
  2 jackals
  8 kobolds
  4 frilled lizards (D:2)
  3 rats
61 creatures vanquished.

Vanquished Creatures (collateral kills)
  A jackal (D:3)
1 creature vanquished.

Grand Total: 62 creatures vanquished

Notes
Turn   | Place    | Note
-------+----------+-------------------------------------------
     0 | D:1      | kidcy the Merfolk Ice Elementalist began the quest for the
                  | Orb.
     0 | D:1      | Reached XP level 1. HP: 13/13 MP: 3/3
   133 | D:1      | Reached XP level 2. HP: 4/19 MP: 0/5
   372 | D:1      | Learned a level 2 spell: Throw Frost
   872 | D:2      | Reached skill level 4 in Ice Magic
  1227 | D:2      | Reached XP level 3. HP: 23/24 MP: 1/6
  1693 | D:2      | Reached XP level 4. HP: 22/30 MP: 2/8
  1750 | D:2      | Learned a level 4 spell: Summon Ice Beast
  1993 | D:2      | Reached skill level 1 in Summonings
  2070 | D:2      | Reached XP level 5. HP: 27/35 MP: 6/9
  2266 | D:2      | Noticed Robin
  2295 | D:2      | Killed Robin
  2403 | D:2      | Reached skill level 5 in Ice Magic
  2724 | D:3      | Found a sacrificial altar of Ru.
  2729 | D:3      | Noticed an ogre
  2782 | D:3      | Slain by an ogre

Skill      XL: |  1  2  3  4  5 |
---------------+----------------+-----
Ice Magic      | 4 5 |  5.1
Summonings     | 1 2 |  2.3
Spellcasting   | 3 |  3.2
Polearms       | |  0.6
Dodging        | |  2.6
Stealth        | |  2.1
Conjurations   | |  0.7

Action                   |  1- 3 |  4- 6 || total
-------------------------+-------+-------++-------
Melee: Unarmed           |    16 |       ||    16
       Trident           |    22 |    41 ||    63
 Cast: Freeze            |    55 |    38 ||    93
       Throw Frost       |     3 |       ||     3
       Summon Ice Beast  |       |     1 ||     1
  Use: Scroll            |       |     8 ||     8
 Stab: Sleeping          |       |     2 ||     2
  Eat: Chunk             |     3 |     4 ||     7
Armor: Robe              |    11 |     5 ||    16
Dodge: Dodged            |    71 |    55 ||   126
       Deflected         |       |     2 ||     2
